SNL (28 & UNDER)
GAINESVILLE GUIDOS @ SANTA FE DIABLOS
05/28/2029
 
TOP OF THE 1ST
Gainesville Guidos batting - Pitching for Santa Fe Diablos : RHP Jerry Campbell
Pitching: RHP Jerry Campbell
Batting: SHB Cornell Payne 0-0: Ground out 4-3 (Groundball, 4)
Batting: LHB Robbie Turner 0-0: Called Strike
0-1: Foul Ball, location: 2F
0-2: Strikes out swinging
Batting: RHB Augusto Baca 0-0: Ball
1-0: Called Strike
1-1: Fly out, F8 (Line Drive, 8LD)
Top of the 1st over - 0 runs, 0 hits, 0 errors, 0 left on base; Gainesville 0 - Santa Fe 0
BOTTOM OF THE 1ST
Santa Fe Diablos batting - Pitching for Gainesville Guidos : RHP Rodney Hall
Pitching: RHP Rodney Hall
Batting: RHB Félix Campos 0-0: Foul Ball, location: 2F
0-1: Ground out 1-3 (Groundball, 13S)
Batting: RHB Nick Vogel 0-0: Ball
1-0: Ground out 4-3 (Groundball, 4)
Batting: LHB Arturo Rodledo 0-0: Called Strike
0-1: Ball
1-1: Called Strike
1-2: Ball
2-2: Strikes out swinging
Bottom of the 1st over - 0 runs, 0 hits, 0 errors, 0 left on base; Gainesville 0 - Santa Fe 0
TOP OF THE 2ND
Gainesville Guidos batting - Pitching for Santa Fe Diablos : RHP Jerry Campbell
Batting: RHB Doug Coleman 0-0: Ground out 6-3 (Groundball, 6)
Batting: RHB Claudio Gonzáles 0-0: Ball
1-0: Ball
2-0: Ball
3-0: Called Strike
3-1: Foul Ball, location: 2F
3-2: Fly out, F9 (Flyball, 9S)
Batting: SHB José Sousa 0-0: Ball
1-0: Foul Ball, location: 2F
1-1: Swinging Strike
1-2: Strikes out looking
Top of the 2nd over - 0 runs, 0 hits, 0 errors, 0 left on base; Gainesville 0 - Santa Fe 0
BOTTOM OF THE 2ND
Santa Fe Diablos batting - Pitching for Gainesville Guidos : RHP Rodney Hall
Batting: RHB Ray Ervin 0-0: Ball
1-0: Ball
2-0: SINGLE (Groundball, 4D)
Batting: LHB Juan Torres 0-0: Called Strike
0-1: Swinging Strike
0-2: Foul Ball, location: 2F
0-2: Foul Ball, location: 2F
0-2: Strikes out swinging
Batting: RHB Frank Martínez 0-0: Foul Ball, location: 2F
0-1: Swinging Strike
0-2: Foul Ball, location: 2F
0-2: Fielders Choice at 2nd, 6-4 (Groundball, 6)
Batting: RHB David Ward 0-0: Ball
Frank Martínez steals 2nd base
1-0: Called Strike
1-1: Called Strike
1-2: Ball
2-2: Fly out, F6 (Line Drive, 6)
Bottom of the 2nd over - 0 runs, 1 hit, 0 errors, 1 left on base; Gainesville 0 - Santa Fe 0
TOP OF THE 3RD
Gainesville Guidos batting - Pitching for Santa Fe Diablos : RHP Jerry Campbell
Batting: SHB António Ramírez 0-0: Ball
1-0: Swinging Strike
1-1: Foul Ball, location: 2F
1-2: Strikes out looking
Batting: RHB Júlio Galló 0-0: Ball
1-0: Called Strike
1-1: Ball
2-1: Swinging Strike
2-2: Strikes out swinging
Batting: RHB Craig Chapman 0-0: Ground out 5-3 (Groundball, 56)
Top of the 3rd over - 0 runs, 0 hits, 0 errors, 0 left on base; Gainesville 0 - Santa Fe 0
BOTTOM OF THE 3RD
Santa Fe Diablos batting - Pitching for Gainesville Guidos : RHP Rodney Hall
Batting: RHB Carlos Jiménez 0-0: Called Strike
0-1: Ball
1-1: Fly out, F9 (Flyball, 9D)
Batting: RHB William Dyer 0-0: Ground out 4-3 (Groundball, 4)
Batting: RHB Félix Campos 0-0: Ball
1-0: Swinging Strike
1-1: SINGLE (Flyball, 9LM)
Batting: RHB Nick Vogel 0-0: Ball
Félix Campos steals 2nd base
1-0: Ball
2-0: Called Strike
2-1: Swinging Strike
2-2: Strikes out swinging
Bottom of the 3rd over - 0 runs, 1 hit, 0 errors, 1 left on base; Gainesville 0 - Santa Fe 0
TOP OF THE 4TH
Gainesville Guidos batting - Pitching for Santa Fe Diablos : RHP Jerry Campbell
Batting: SHB Cornell Payne 0-0: Ball
1-0: Called Strike
1-1: Swinging Strike
1-2: Foul Ball, location: 2F
1-2: Ball
2-2: Foul Ball, location: 2F
2-2: Ball
3-2: Strikes out swinging
Batting: LHB Robbie Turner 0-0: Called Strike
0-1: Ground out 3-1 (Groundball, 34)
Batting: RHB Augusto Baca 0-0: Swinging Strike
0-1: Swinging Strike
0-2: Ball
1-2: Ball
2-2: Fly out, F6 (Popup, 6)
Top of the 4th over - 0 runs, 0 hits, 0 errors, 0 left on base; Gainesville 0 - Santa Fe 0
BOTTOM OF THE 4TH
Santa Fe Diablos batting - Pitching for Gainesville Guidos : RHP Rodney Hall
Batting: LHB Arturo Rodledo 0-0: Called Strike
0-1: Ball
1-1: Foul Ball, location: 2F
1-2: Strikes out looking
Batting: RHB Ray Ervin 0-0: Called Strike
0-1: Ball
1-1: Fly out, F7 (Flyball, 7S)
Batting: LHB Juan Torres 0-0: Swinging Strike
0-1: Foul Ball, location: 2F
0-2: Strikes out swinging
Bottom of the 4th over - 0 runs, 0 hits, 0 errors, 0 left on base; Gainesville 0 - Santa Fe 0
TOP OF THE 5TH
Gainesville Guidos batting - Pitching for Santa Fe Diablos : RHP Jerry Campbell
Batting: RHB Doug Coleman 0-0: Ball
1-0: Called Strike
1-1: Ball
2-1: Foul Ball, location: 2F
2-2: Strikes out swinging
Batting: RHB Claudio Gonzáles 0-0: Ball
1-0: Ball
2-0: Ball
3-0: Called Strike
3-1: Base on Balls
Batting: SHB José Sousa 0-0: Ball
1-0: Swinging Strike
1-1: Ball
2-1: Ball
3-1: Called Strike
3-2: Foul Ball, location: 2F
3-2: Foul Ball, location: 2F
3-2: Fielders Choice at 2nd, 3-6 (Groundball, 34)
Batting: SHB António Ramírez 0-0: Called Strike
0-1: Swinging Strike
0-2: Strikes out swinging
Top of the 5th over - 0 runs, 0 hits, 0 errors, 1 left on base; Gainesville 0 - Santa Fe 0
BOTTOM OF THE 5TH
Santa Fe Diablos batting - Pitching for Gainesville Guidos : RHP Rodney Hall
Batting: RHB Frank Martínez 0-0: SINGLE (Groundball, 34D)
Batting: RHB David Ward 0-0: Swinging Strike
0-1: Called Strike
0-2: Strikes out swinging
Frank Martínez steals 2nd base
Batter strikes out.
Batting: RHB Carlos Jiménez 0-0: Called Strike
0-1: Swinging Strike
0-2: Foul Ball, location: 2F
0-2: Ball
1-2: Strikes out swinging
Batting: RHB William Dyer 0-0: Ball
1-0: Fly out, F6 (Popup, 6MS)
Bottom of the 5th over - 0 runs, 1 hit, 0 errors, 1 left on base; Gainesville 0 - Santa Fe 0
TOP OF THE 6TH
Gainesville Guidos batting - Pitching for Santa Fe Diablos : RHP Jerry Campbell
Batting: RHB Júlio Galló 0-0: Ball
1-0: Ground out 4-3 (Groundball, 4)
Batting: RHB Craig Chapman 0-0: Ball
1-0: Ball
2-0: Ball
3-0: Called Strike
3-1: Called Strike
3-2: DOUBLE (Line Drive, 78M)
Batting: SHB Cornell Payne 0-0: Ball
1-0: Ball
2-0: Ball
3-0: Called Strike
3-1: Base on Balls
Batting: LHB Robbie Turner 0-0: Called Strike
0-1: Fielders Choice at 2nd, 3-6 (Groundball, 34)
Craig Chapman to third
Batting: RHB Augusto Baca 0-0: Called Strike
0-1: Swinging Strike
0-2: Ball
1-2: Foul Ball, location: 2F
1-2: Foul Ball, location: 2F
1-2: Strikes out swinging
Top of the 6th over - 0 runs, 1 hit, 0 errors, 2 left on base; Gainesville 0 - Santa Fe 0
BOTTOM OF THE 6TH
Santa Fe Diablos batting - Pitching for Gainesville Guidos : RHP Rodney Hall
Batting: RHB Félix Campos 0-0: Ball
1-0: SOLO HOME RUN (Flyball, 7LD), Distance : 319 ft
Batting: RHB Nick Vogel 0-0: Ball
1-0: Foul Ball, location: 2F
1-1: Ball
2-1: Ball
3-1: Base on Balls
Batting: LHB Arturo Rodledo 0-0: Ball
1-0: Ball
2-0: Grounds into double play, 4-6-3 (Groundball, 4)
Batting: RHB Ray Ervin 0-0: Called Strike
0-1: Ball
1-1: Foul Ball, location: 2F
1-2: Foul Ball, location: 2F
1-2: Ball
2-2: Fly out, F7 (Flyball, 7S)
Bottom of the 6th over - 1 run, 1 hit, 0 errors, 0 left on base; Gainesville 0 - Santa Fe 1
TOP OF THE 7TH
Gainesville Guidos batting - Pitching for Santa Fe Diablos : RHP Jerry Campbell
Now in CF: Luis Torres
Batting: RHB Doug Coleman 0-0: Ball
1-0: Ball
2-0: Called Strike
2-1: Fly out, F8 (Flyball, 8LM)
Batting: RHB Claudio Gonzáles 0-0: Ball
1-0: Called Strike
1-1: Foul Ball, location: 2F
1-2: SINGLE (Flyball, 6D)
Pitching: RHP Ted Stuart
Batting: SHB José Sousa 0-0: Ball
1-0: Ball
2-0: Called Strike
2-1: Foul Ball, location: 2F
2-2: Strikes out swinging
Batting: SHB António Ramírez 0-0: Ball
1-0: Fly out, F4 (Line Drive, 4)
Top of the 7th over - 0 runs, 1 hit, 0 errors, 1 left on base; Gainesville 0 - Santa Fe 1
BOTTOM OF THE 7TH
Santa Fe Diablos batting - Pitching for Gainesville Guidos : RHP Rodney Hall
Batting: LHB Juan Torres 0-0: Ball
1-0: Ground out 5-3 (Groundball, 56)
Batting: RHB Frank Martínez 0-0: Called Strike
0-1: Ball
1-1: Ball
2-1: Swinging Strike
2-2: Ball
3-2: Strikes out looking
Batting: RHB David Ward 0-0: DOUBLE (Line Drive, 7)
Pinch Hitting: RHB Tim Adkins 0-0: Ball
1-0: Ball
2-0: Fly out, F8 (Flyball, 8RS)
Bottom of the 7th over - 0 runs, 1 hit, 0 errors, 1 left on base; Gainesville 0 - Santa Fe 1
TOP OF THE 8TH
Gainesville Guidos batting - Pitching for Santa Fe Diablos : RHP Ted Stuart
Now at SS: Tim Adkins
Batting: RHB Júlio Galló 0-0: SINGLE (Line Drive, 6D)
Batting: RHB Craig Chapman 0-0: Sac Bunt - play at second, runner OUT! 3-6
Pitching: LHP Juan Parrot
Batting: SHB Cornell Payne 0-0: Foul Ball, location: 2F
0-1: Ball
1-1: Grounds into double play, 4-6-3 (Groundball, 4)
Top of the 8th over - 0 runs, 1 hit, 0 errors, 0 left on base; Gainesville 0 - Santa Fe 1
BOTTOM OF THE 8TH
Santa Fe Diablos batting - Pitching for Gainesville Guidos : RHP Rodney Hall
Batting: RHB William Dyer 0-0: Ball
1-0: Foul Ball, location: 2F
1-1: Called Strike
1-2: Strikes out swinging
Batting: LHB Luis Torres 0-0: Ball
1-0: Fly out, F7 (Flyball, 7D)
Batting: RHB Nick Vogel 0-0: Foul Ball, location: 2F
0-1: Called Strike
0-2: Ball
1-2: Ball
2-2: Ball
3-2: Base on Balls
Batting: LHB Arturo Rodledo 0-0: Called Strike
0-1: Ball
1-1: Foul Ball, location: 2F
1-2: Foul Ball, location: 2F
1-2: Ball
2-2: Ball
3-2: Foul Ball, location: 2F
3-2: Strikes out swinging
Bottom of the 8th over - 0 runs, 0 hits, 0 errors, 1 left on base; Gainesville 0 - Santa Fe 1
TOP OF THE 9TH
Gainesville Guidos batting - Pitching for Santa Fe Diablos : LHP Juan Parrot
Pitching: RHP Héctor Rodríguez
Batting: LHB Robbie Turner 0-0: Called Strike
0-1: Ball
1-1: Ball
2-1: Fly out, F2 (Popup, 5SF)
Batting: RHB Augusto Baca 0-0: Ball
1-0: Ball
2-0: Foul Ball, location: 2F
2-1: Ball
3-1: Base on Balls
Batting: RHB Doug Coleman 0-0: Ball
1-0: Ball
2-0: Called Strike
2-1: SINGLE (Line Drive, 56)
Augusto Baca to second
Batting: RHB Claudio Gonzáles 0-0: Ball
1-0: Foul Ball, location: 2F
1-1: Ball
2-1: Ball
3-1: Base on Balls
Augusto Baca to third
Doug Coleman to second
Batting: SHB José Sousa 0-0: Ball
1-0: SINGLE (Flyball, 89S)
Augusto Baca scores
Doug Coleman to third
Claudio Gonzáles to second
Runner from 3rd tries for Home, SAFE, no throw
Batting: SHB António Ramírez 0-0: Ball
1-0: Called Strike
1-1: Fielders Choice at 2nd, 4-6 (Groundball, 4)
Claudio Gonzáles to third
Pinch Hitting: SHB Kent Phillips 0-0: Foul Ball, location: 2F
0-1: Ball
1-1: DOUBLE (Line Drive, 7LM)
Claudio Gonzáles scores
António Ramírez to third
Runner from 3rd tries for Home, SAFE, no throw
Pitching: RHP Tomás Rodríguez
Batting: RHB Craig Chapman 0-0: Ball
1-0: Called Strike
1-1: Called Strike
1-2: Ball
2-2: Foul Ball, location: 2F
2-2: Ball
3-2: Foul Ball, location: 2F
3-2: Ground out 6-3 (Groundball, 6S)
Top of the 9th over - 4 runs, 3 hits, 0 errors, 1 left on base; Gainesville 4 - Santa Fe 1
BOTTOM OF THE 9TH
Santa Fe Diablos batting - Pitching for Gainesville Guidos : RHP Rodney Hall
Pitching: RHP Víctor Viña
Now at 3B: Pedro Juárez
Batting: RHB Ray Ervin 0-0: Ball
1-0: Ball
2-0: SINGLE (Line Drive, 56D)
Batting: LHB Juan Torres 0-0: Called Strike
0-1: Ball
1-1: Ball
2-1: Ball
3-1: SINGLE (Flyball, 7LS)
Ray Ervin to second
Pinch Hitting: LHB Michael Barrett 0-0: Ball
1-0: Ball
2-0: Called Strike
2-1: Called Strike
2-2: Ball
3-2: Foul Ball, location: 2F
3-2: DOUBLE (Line Drive, 89D)
Ray Ervin scores
Juan Torres to third
Pinch Hitting: RHB Mike Martin 0-0: Ball
1-0: Ball
2-0: Ball
3-0: Called Strike
3-1: Foul Ball, location: 2F
3-2: Foul Ball, location: 2F
3-2: Ground out 6-3 (Groundball, 6)
Batting: RHB Tim Adkins 0-0: Fly out, F9 (Flyball, 9LMF)
Runner from 3rd tags up, SCORES, no throw
Batting: RHB William Dyer 0-0: Fly out, F8 (Flyball, 8RD)
Bottom of the 9th over - 2 runs, 3 hits, 0 errors, 1 left on base; Gainesville 4 - Santa Fe 3
Saturday, December 16th, 2017 - OOTP Baseball 18.8 Build 76